Map: [ESL] Oceanborn

Players

TYTY

  • Race: Terran Terran
  • Spawn Location: 11:00

Maru - Winner!

  • Race: Terran Terran
  • Spawn Location: 5:00

VOD

Have the link to the VOD?

Description

Time

  • Played on: May 2, 2024, 4:51 a.m.
  • Length: 8:24
Show
View Real Time Build Order
Export as new Build Order

TYTY Terran 

Build Orders: Gas First Reaper Expand, Hellion Opening 

Get SALT Encoding   

  12  0:00  SCV  
  13  0:12  SCV  
  14  0:16  Supply Depot  
  14  0:24  SCV  
  14  0:27  Refinery  
  15  0:38  SCV  
  16  0:43  Barracks  
  16  0:50  SCV  
  17  1:02  SCV  
  18  1:14  SCV  
  19  1:29  Reaper  
  19  1:30  Orbital Command  
  20  1:41  Command Center  
  20  1:50  Factory  
  20  1:56  SCV  
  21  2:05  Barracks Reactor, Supply Depot  
  21  2:10  SCV  
  21  2:14  Refinery  
  22  2:22  SCV  
  22  2:34  SCV  
  23  2:45  Starport  
  23  2:46  SCV  
  23  2:49  Hellion x2  
  27  2:58  SCV  
  26  3:07  Orbital Command  
  26  3:10  Hellion x2  
  26  3:12  Orbital Command  
  30  3:16  SCV  
  30  3:18  Barracks Tech Lab  
  31  3:28  SCV  
  31  3:32  Hellion x2  
  36  3:39  Raven, SCV  
  36  3:41  SCV  
  40  3:48  Supply Depot  
  40  3:52  SCV  
  40  3:53  SCV  
  40  3:54  Refinery  
  42  4:00  Marine, Factory Tech Lab  
  42  4:01  Marine  
  44  4:04  SCV  
  44  4:05  SCV  
  46  4:10  Interference Matrix  
  46  4:13  Raven  
  49  4:17  SCV x2  
  49  4:20  Supply Depot  
  49  4:21  Siege Tank  
  53  4:28  Marine x2  
  53  4:30  SCV x2  
  53  4:42  SCV  
  53  4:43  SCV  
  55  4:46  Marine x2  
  55  4:47  Supply Depot  
  55  4:50  Raven  
  59  4:54  Siege Tank  
  62  5:07  Refinery  
  62  5:09  SCV x2  
  62  5:11  Marine x2  
  62  5:13  Factory  
  66  5:20  Supply Depot  
  66  5:21  SCV x2  
  68  5:33  Supply Depot  
  68  5:36  Viking  
  68  5:42  Command Center, SCV x2  
  72  5:43  Siege Tank  
  75  5:52  Viking  
  75  5:54  SCV x2  
  79  5:58  Armory  
  79  6:06  SCV  
  79  6:09  Viking  
  83  6:14  Supply Depot  
  83  6:15  Siege Tank, Supply Depot  
  85  6:20  Siege Tank  
  81  6:29  SCV x2  
  81  6:32  Viking  
  80  6:41  SCV x2  
  80  6:43  Viking  
  84  6:51  Siege Tank  
  84  6:53  SCV x2  
  89  6:57  Refinery  
  89  6:59  Orbital Command  
  89  7:01  Refinery  
  89  7:02  Siege Tank  
  89  7:05  SCV x2  
  94  7:09  Viking  
  96  7:17  SCV x2  
  96  7:21  Viking  
  96  7:38  SCV x2  
  96  7:41  Siege Tank  
  96  7:42  Siege Tank, SCV  
  79  7:46  Command Center, Viking  
  79  7:50  SCV x2  
  79  7:51  Viking  
  83  7:54  SCV  
  83  7:55  Supply Depot  
  84  8:02  SCV  
  84  8:03  SCV, Engineering Bay  
  86  8:06  SCV  
Show
View Real Time Build Order
Export as new Build Order

Maru Terran - Winner!

Build Orders: Reaper Expand 

Get SALT Encoding   

  12  0:00  SCV  
  13  0:12  SCV  
  14  0:16  Supply Depot  
  14  0:24  SCV  
  15  0:38  SCV  
  15  0:39  Barracks  
  16  0:42  Refinery  
  16  0:50  SCV  
  17  1:02  SCV  
  18  1:14  SCV  
  19  1:27  Orbital Command, Reaper  
  20  1:40  Command Center  
  20  1:52  Supply Depot, SCV  
  21  1:59  Reaper  
  22  2:04  SCV  
  23  2:16  SCV  
  24  2:25  Factory  
  24  2:28  SCV  
  24  2:40  Barracks Reactor, SCV  
  25  2:45  Command Center  
  25  2:53  SCV  
  25  2:55  Orbital Command  
  26  3:05  SCV  
  27  3:17  SCV, Refinery  
  27  3:19  Hellion x2  
  32  3:20  SCV  
  32  3:24  Starport  
  32  3:25  Barracks Tech Lab  
  33  3:29  SCV  
  33  3:33  SCV  
  35  3:40  Hellion  
  35  3:41  SCV, Hellion  
  40  3:44  Refinery  
  40  3:46  SCV  
  41  3:53  SCV  
  42  3:56  Orbital Command  
  42  3:57  Barracks Tech Lab  
  42  3:58  SCV  
  43  4:05  SCV, Hellion  
  43  4:06  Hellion  
  43  4:07  Supply Depot  
  48  4:10  Raven  
  48  4:11  SCV  
  48  4:16  Refinery  
  51  4:17  SCV  
  51  4:24  SCV  
  53  4:27  SCV  
  53  4:33  Cyclone x2  
  53  4:37  Stimpack, Marine  
  54  4:41  SCV  
  54  4:42  SCV x2  
  57  4:49  Raven  
  59  4:54  SCV x3, Supply Depot  
  59  4:55  Marine  
  63  5:01  Barracks  
  63  5:02  Barracks  
  63  5:06  SCV x2  
  65  5:11  SCV  
  66  5:14  Engineering Bay  
  66  5:15  Engineering Bay  
  66  5:19  Cyclone  
  66  5:21  Cyclone  
  70  5:23  SCV x2  
  70  5:24  SCV  
  70  5:26  Interference Matrix  
  70  5:28  Raven  
  74  5:35  SCV x2  
  76  5:38  Orbital Command  
  76  5:44  Terran Infantry Armor Level 1, Terran Infantry Weapons Level 1  
  76  5:45  Barracks  
  76  5:47  Barracks  
  76  5:48  Supply Depot  
  76  5:50  Supply Depot  
  76  5:58  SCV  
  76  6:02  Factory Tech Lab  
  76  6:03  Barracks Tech Lab, Supply Depot  
  77  6:06  Raven, SCV x2  
  77  6:09  Marine x2  
  77  6:10  Marauder  
  84  6:13  SCV  
  84  6:17  Combat Shield  
  86  6:18  SCV  
  86  6:24  Marauder  
  82  6:27  SCV, Marine  
  82  6:30  Siege Tank  
  82  6:31  SCV, Marauder  
  82  6:32  SCV  
  89  6:34  Barracks Tech Lab, Barracks Reactor  
  89  6:39  SCV  
  90  6:43  Concussive Shells, SCV  
  90  6:46  Marauder  
  90  6:47  Missile Turret  
  93  6:48  SCV  
  93  6:50  Missile Turret  
  93  6:51  SCV  
  93  6:52  Marauder  
  97  6:55  SCV  
  97  6:58  Armory  
  97  6:59  Starport Reactor  
  97  7:00  Supply Depot  
  99  7:01  Marine, Marauder  
  99  7:02  Marine  
  99  7:07  Siege Tank, Marine  
  108  7:11  Supply Depot x2  
  108  7:15  Refinery x2  
  106  7:18  Marine, Marauder  
  106  7:21  Marine  
  106  7:22  Marine  
  111  7:23  Marauder  
  111  7:25  Marauder  
  115  7:36  Marine  
  108  7:37  Marine  
  108  7:39  Marine  
  108  7:40  Marauder  
  108  7:43  SCV  
  111  7:44  Medivac, Marine, Marauder  
  111  7:46  Marauder  
  111  7:47  Medivac  
  120  7:52  SCV x2  
  120  7:54  Marine  
  120  7:58  Marine x2  
  125  8:01  Marauder  
  125  8:04  Supply Depot x2  
  127  8:09  SCV x2  
Tags
 
Add a new tag
Caveats
  • Supply blocks, unpowered buildings, or Contaminate may cause inaccurate times.
  • Supply counts are checked every 10 seconds.